Avalanche vs Panthers

Created - 9 décembre 2017 at 15:55

Goals
1 2 3 T
Avalanche 1 0 1 2
Panthers 1 1 1 3
Shots
1 2 3 T
Avalanche 11 9 17 37
Panthers 7 9 9 25

1st period

1. Panthers , Erik Johnson 7 (Mike Cammalleri 18, Jakob Silfverberg 6) at 4:35 (PP)
2. Avalanche , Mikkel Boedker 1 (Paul Stastny 13, Kyle Palmieri 9) at 17:12

Penalties :
Carl Hagelin (COL) for High sticking (Minor) at 2:58, Jonathan Drouin (FLO) for Holding (Minor) at 9:02

2nd period

3. Panthers , Chris Kreider 2 (Mario Scalzo 18, Mike Cammalleri 19) at 4:04

Penalties :
Chris Kreider (FLO) for Hooking (Minor) at 9:51

3rd period

4. Panthers , Erik Johnson 8 (John Moore 13, Jonathan Drouin 1) at 9:16
5. Avalanche , Carl Hagelin 6 (TJ Brodie 18) at 11:32

Penalties :
Mitch Love (FLO) for Interference (Minor) at 7:05, Lukas Krajicek (COL) for Tripping (Minor) at 16:00

Goalie Stats

Roberto Luongo (COL), 22 saves from 25 shots - (0,880), L, 15-6-1, 58:47 minutes
Robin Lehner (FLO), 35 saves from 37 shots - (0,946), W, 11-12-1, 60:00 minutes

Players Stats for Avalanche

Player Name              G  A  P  +/- PIM S  H  SB GA TA FO     MP     PP MP  PK MP  
------------------------------------------------------------------------------------
Alex Petrovic            0  0  0   0  0   1  2  0  0  0  0/0    10:06   3:35   0:00 
Brad Boyes               0  0  0   1  0   7  0  0  0  0  15/23  20:48   2:40   0:00 
Carl Hagelin             1  0  1   1  2   3  1  0  0  0  0/1    18:40   0:00   0:42 
Chris VandeVelde         0  0  0   0  0   0  0  0  0  0  0/0     4:32   0:00   0:42 
Francois Beauchemin      0  0  0  -1  0   0  0  0  0  0  0/0    22:12   2:22   1:52 
Jason Zucker             0  0  0  -1  0   4  1  0  0  0  0/1    14:11   0:00   2:12 
Josh Manson              0  0  0   2  0   0  2  0  0  0  0/0    17:27   0:00   0:00 
Jussi Jokinen            0  0  0  -1  0   4  0  0  0  0  1/2    17:13   0:00   1:24 
Kyle Palmieri            0  1  1   0  0   1  2  0  0  0  1/2    19:47   3:17   0:00 
Lukas Krajicek           0  0  0  -1  2   0  0  1  0  0  0/0    15:43   0:00   0:42 
Mattias Ekholm           0  0  0  -1  0   2  1  0  0  0  0/0    13:08   3:35   1:02 
Mikkel Boedker           1  0  1   0  0   4  0  0  0  0  0/2    19:47   3:17   0:00 
Niklas Kronwall          0  0  0  -1  0   0  4  3  0  0  0/0    19:31   0:00   1:52 
Patrice Bergeron         0  0  0  -1  0   1  1  1  0  0  19/31  21:08   3:17   2:12 
Patrick Sharp            0  0  0   1  0   5  1  1  0  0  1/2    20:48   2:40   0:00 
Paul Stastny             0  1  1   0  0   3  3  0  0  0  10/23  19:29   2:40   0:00 
Remi Elie                0  0  0   0  0   0  0  0  0  0  0/0     0:00   0:00   0:00 
TJ Brodie                0  1  1   2  0   2  0  1  0  0  0/0    21:52   2:22   1:44 

Players Stats for Panthers

Player Name              G  A  P  +/- PIM S  H  SB GA TA FO     MP     PP MP  PK MP  
------------------------------------------------------------------------------------
Aaron Ekblad             0  0  0  -1  0   0  0  0  0  0  0/0    11:31   0:00   0:10 
Andrew Copp              0  0  0   0  0   1  0  0  0  0  0/0     3:05   1:56   0:29 
Brett Sutter             0  0  0   0  0   2  2  0  0  0  2/5    22:56   1:56   2:50 
Chris Kreider            1  0  1   1  2   5  2  0  0  0  0/2    18:09   0:00   0:00 
Derick Brassard          0  0  0   0  0   3  0  0  0  0  11/21  16:39   0:00   0:00 
Erik Johnson             2  0  2   0  0   2  0  0  0  0  0/0    17:27   1:52   0:00 
Jakob Silfverberg        0  1  1   0  0   1  3  0  0  0  0/1    18:41   1:40   0:00 
Jason Demers             0  0  0   0  0   0  1  0  0  0  0/0    10:46   0:00   2:33 
John Mitchell            0  0  0  -1  0   0  2  0  0  0  3/6    14:22   0:00   1:54 
John Moore               0  1  1   0  0   0  3  4  0  0  0/0    19:51   1:44   2:23 
Jonathan Drouin          0  1  1   0  2   2  1  0  0  0  1/4    18:18   1:40   0:00 
Kyle Brodziak            0  0  0   0  0   5  0  1  0  0  3/4    22:41   1:56   2:59 
Luke Schenn              0  0  0  -1  0   0  0  0  0  0  0/0    14:54   0:00   3:24 
Mario Scalzo             0  1  1   1  0   0  2  1  0  0  0/0    20:25   1:52   3:24 
Mike Cammalleri          0  2  2   0  0   2  0  0  0  0  9/20   18:30   1:40   0:12 
Mitch Love               0  0  0   1  2   0  2  0  0  0  0/0    16:52   1:44   0:00 
Niklas Hjalmarsson       0  0  0   0  0   0  1  1  0  0  0/0     8:13   0:00   0:00 
Sean Couturier           0  0  0   0  0   2  4  1  0  0  11/24  20:40   0:00   3:30 

3 Stars

1 - Erik Johnson (FLO)
2 - Robin Lehner (FLO)
3 - Chris Kreider (FLO)

Power Play

Avalanche - 0 on 3 Attempt(s) - 0,00%
Panthers - 1 on 2 Attempt(s) - 50,00%

Penalty Kill

Avalanche - 1 on 2 Attempt(s) - 50,00% - Score 0 goal in Penalty Kill
Panthers - 3 on 3 Attempt(s) - 100,00% - Score 0 goal in Penalty Kill

Team Stat

Avalanche - Hits : 18 - Faceoff Wins : 47 - Blocked Shots : 7 - Penalty Minutes : 4
Panthers - Hits : 23 - Faceoff Wins : 40 - Blocked Shots : 8 - Penalty Minutes : 6

Official

Referees : Eric Furlatt and Dave Lewis
Linesman : Ray King and Justin Hedlund

Game Notes

John Mitchell is injured at 7:27 of 3rd period (Separated Left Shoulder)

Finance

Level 1 -- Attendance: 5906 (98,43%) -- Ticket Income 561 070 $
Level 2 -- Attendance: 4830 (96,60%) -- Ticket Income 362 250 $
Level 3 -- Attendance: 1953 (97,65%) -- Ticket Income 97 650 $
Level 4 -- Attendance: 4000 (100,00%) -- Ticket Income 120 000 $
Luxury Box -- Attendance: 1689 (68,88%) -- Ticket Income 287 130 $
Game was played at the BankAtlantic Center.
Total Attendance: 18378 (94,48%)
Total Ticket Income: 1 428 100 $
Other Income: 699 769 $
Total Income: 2 127 869 $

Avalanche

5 vs 5 Forward 
   Center                   Left Wing                Right Wing               Time % Phy DF OF 
 1 Brad Boyes               Patrick Sharp            Carl Hagelin             40     0   2  3  
 2 Paul Stastny             Kyle Palmieri            Mikkel Boedker           35     0   2  3  
 3 Patrice Bergeron         Jussi Jokinen            Jason Zucker             20     0   2  3  
 4 Patrice Bergeron         Jussi Jokinen            Chris VandeVelde         5      0   2  3  

5 vs 5 Defense 
   Defense                  Defense                                           Time % Phy DF OF 
 1 Francois Beauchemin      Niklas Kronwall                                   38     0   3  2  
 2 TJ Brodie                Josh Manson                                       38     0   3  2  
 3 Lukas Krajicek           Mattias Ekholm                                    16     0   4  1  
 4 Lukas Krajicek           Alex Petrovic                                     8      0   4  1  

PowerPlay Forward 
   Center                   Left Wing                Right Wing               Time % Phy DF OF 
 1 Paul Stastny             Patrick Sharp            Brad Boyes               60     0   0  5  
 2 Patrice Bergeron         Kyle Palmieri            Mikkel Boedker           40     0   0  5  

PowerPlay Defense
   Defense                  Defense                                           Time % Phy DF OF 
 1 Alex Petrovic            Mattias Ekholm                                    60     0   1  4  
 2 TJ Brodie                Francois Beauchemin                               40     0   1  4  

Penalty Kill 4 Players Forward 
   Center                   Wing                     Time % Phy DF OF 
 1 Patrice Bergeron         Jason Zucker             60     0   5  0  
 2 Jussi Jokinen            Carl Hagelin             40     0   5  0  

Penalty Kill 4 Players Defense
   Defense                  Defense                  Time % Phy DF OF 
 1 Francois Beauchemin      Niklas Kronwall          60     1   4  0  
 2 TJ Brodie                Lukas Krajicek           40     1   4  0  

Penalty Kill - 3 Players Forward 
   Forward                                           Time % Phy DF OF 
 1 Paul Stastny                                      60     0   5  0  
 2 Patrice Bergeron                                  40     0   5  0  

Penalty Kill - 3 Players Defense
   Defense                  Defense                  Time % Phy DF OF 
 1 Francois Beauchemin      Niklas Kronwall          60     1   4  0  
 2 Lukas Krajicek           TJ Brodie                40     1   4  0  

4 vs 4 Forward 
   Center                   Wing                     Time % Phy DF OF 
 1 Paul Stastny             Patrick Sharp            50     0   1  4  
 2 Patrice Bergeron         Brad Boyes               50     0   1  4  

4 vs 4 Defense
   Defense                  Defense                  Time % Phy DF OF 
 1 Francois Beauchemin      Niklas Kronwall          50     0   2  3  
 2 TJ Brodie                Lukas Krajicek           50     0   2  3  

Last Minutes Offensive
   Center                   Left Wing                Right Wing               Defense                  Defense                  
   Paul Stastny             Patrick Sharp            Brad Boyes               TJ Brodie                Francois Beauchemin      

Last Minutes Defensive
   Center                   Left Wing                Right Wing               Defense                  Defense                  
   Patrice Bergeron         Carl Hagelin             Brad Boyes               Josh Manson              Francois Beauchemin      

Goaltenders
Starting : Roberto Luongo           
Backup : Justin Peters            

Extra Forwards
Normal : Jussi Jokinen, Jason Zucker, Kyle Palmieri - PP : Jussi Jokinen, Jason Zucker - PK : Chris VandeVelde
Extra Defensemen
Normal : Josh Manson, Mattias Ekholm, Lukas Krajicek - PP : Josh Manson - PK : Lukas Krajicek, Mattias Ekholm
Penalty Shots
Paul Stastny, Patrick Sharp, Brad Boyes, Patrice Bergeron, Kyle Palmieri
Custom OT Lines Forwards
Brad Boyes, Patrick Sharp, Patrice Bergeron, Kyle Palmieri, Paul Stastny, Jussi Jokinen, Jason Zucker, Mikkel Boedker, Carl Hagelin, Chris VandeVelde
Custom OT Lines Defensemen
Francois Beauchemin, TJ Brodie, Josh Manson, Niklas Kronwall, Mattias Ekholm

Scratches
Anton Stralman (Sprained Left Finger Injury)

Panthers

5 vs 5 Forward 
   Center                   Left Wing                Right Wing               Time % Phy DF OF 
 1 Mike Cammalleri          Chris Kreider            Kyle Brodziak            34     0   4  1  
 2 Sean Couturier           Brett Sutter             Jakob Silfverberg        33     0   3  2  
 3 Derick Brassard          Jonathan Drouin          John Mitchell            21     0   3  2  
 4 Derick Brassard          Jonathan Drouin          John Mitchell            12     0   3  2  

5 vs 5 Defense 
   Defense                  Defense                                           Time % Phy DF OF 
 1 Mario Scalzo             Mitch Love                                        33     1   1  3  
 2 Erik Johnson             John Moore                                        30     1   1  3  
 3 Aaron Ekblad             Luke Schenn                                       23     0   3  2  
 4 Niklas Hjalmarsson       Jason Demers                                      14     1   2  2  

PowerPlay Forward 
   Center                   Left Wing                Right Wing               Time % Phy DF OF 
 1 Mike Cammalleri          Jonathan Drouin          Jakob Silfverberg        50     0   0  5  
 2 Brett Sutter             Andrew Copp              Kyle Brodziak            50     0   0  5  

PowerPlay Defense
   Defense                  Defense                                           Time % Phy DF OF 
 1 John Moore               Mitch Love                                        50     0   0  5  
 2 Mario Scalzo             Erik Johnson                                      50     0   0  5  

Penalty Kill 4 Players Forward 
   Center                   Wing                     Time % Phy DF OF 
 1 Sean Couturier           Kyle Brodziak            51     0   5  0  
 2 John Mitchell            Brett Sutter             49     0   5  0  

Penalty Kill 4 Players Defense
   Defense                  Defense                  Time % Phy DF OF 
 1 Jason Demers             John Moore               52     0   5  0  
 2 Mario Scalzo             Luke Schenn              48     0   5  0  

Penalty Kill - 3 Players Forward 
   Forward                                           Time % Phy DF OF 
 1 Sean Couturier                                    50     0   5  0  
 2 Kyle Brodziak                                     50     0   5  0  

Penalty Kill - 3 Players Defense
   Defense                  Defense                  Time % Phy DF OF 
 1 Erik Johnson             John Moore               52     1   4  0  
 2 Mario Scalzo             Luke Schenn              48     0   5  0  

4 vs 4 Forward 
   Center                   Wing                     Time % Phy DF OF 
 1 Sean Couturier           Andrew Copp              50     0   2  3  
 2 John Mitchell            Jakob Silfverberg        50     0   3  2  

4 vs 4 Defense
   Defense                  Defense                  Time % Phy DF OF 
 1 Aaron Ekblad             Luke Schenn              51     0   2  3  
 2 John Moore               Jason Demers             49     0   3  2  

Last Minutes Offensive
   Center                   Left Wing                Right Wing               Defense                  Defense                  
   Mike Cammalleri          Jonathan Drouin          Jakob Silfverberg        Mario Scalzo             Mitch Love               

Last Minutes Defensive
   Center                   Left Wing                Right Wing               Defense                  Defense                  
   Sean Couturier           Brett Sutter             Kyle Brodziak            John Moore               Luke Schenn              

Goaltenders
Starting : Robin Lehner             
Backup : Tomas Popperle           

Extra Forwards
Normal : Derick Brassard, Chris Kreider, Brett Sutter - PP : Derick Brassard, Chris Kreider - PK : John Mitchell
Extra Defensemen
Normal : Mitch Love, Mario Scalzo, Jason Demers - PP : Niklas Hjalmarsson - PK : Mario Scalzo, Aaron Ekblad
Penalty Shots
Mario Scalzo, Derick Brassard, Jonathan Drouin, Mike Cammalleri, Sean Couturier
Custom OT Lines Forwards
Sean Couturier, Mike Cammalleri, Kyle Brodziak, Andrew Copp, Jonathan Drouin, Derick Brassard, Brett Sutter, Chris Kreider, John Mitchell, Jakob Silfverberg
Custom OT Lines Defensemen
Aaron Ekblad, Mario Scalzo, John Moore, Luke Schenn, Niklas Hjalmarsson

Scratches
Jakub Voracek (Sore Left Knee Injury), Cam Fowler (Broken Left Index Finger Injury), Dustin Byfuglien (Bruised Right Foot Injury), Brayden Schenn (Lower Body Injury)

% Time on Ice - Avalanche

Lines # - Real PCT - Wanted PCT - Time Play
Normal Forward
1 - 36% - 40% - 17:59
2 - 33% - 35% - 16:30
3 - 24% - 20% - 11:49
4 - 8% - 5% - 3:50
Normal Defense
1 - 35% - 38% - 17:39
2 - 35% - 38% - 17:27
3 - 17% - 16% - 8:31
4 - 13% - 8% - 6:31
PP Forward
1 - 45% - 60% - 2:40
2 - 55% - 40% - 3:17
PP Defense
1 - 60% - 60% - 3:35
2 - 40% - 40% - 2:22
PK Forward
1 - 61% - 60% - 2:12
2 - 39% - 40% - 1:24
PK Defense
1 - 52% - 60% - 1:52
2 - 48% - 40% - 1:44
PK3 Forward
1 - 0% - 60%
2 - 0% - 40%
PK3 Defense
1 - 0% - 60%
2 - 0% - 40%
44 Forward
1 - 0% - 50%
2 - 0% - 50%
44 Defense
1 - 0% - 50%
2 - 0% - 50%
Last Minute Offensive  - 0:19
Last Minute Defensive  - 0:00
Total
Forward - 60:00
Defense - 60:00

% Time on Ice - Panthers

Lines # - Real PCT - Wanted PCT - Time Play
Normal Forward
1 - 33% - 34% - 16:38
2 - 34% - 33% - 17:01
3 - 22% - 21% - 11:09
4 - 11% - 12% - 5:30
Normal Defense
1 - 30% - 33% - 15:09
2 - 31% - 30% - 15:35
3 - 23% - 23% - 11:21
4 - 16% - 14% - 8:13
PP Forward
1 - 46% - 50% - 1:40
2 - 54% - 50% - 1:56
PP Defense
1 - 48% - 50% - 1:44
2 - 52% - 50% - 1:52
PK Forward
1 - 44% - 51% - 2:38
2 - 56% - 49% - 3:19
PK Defense
1 - 43% - 52% - 2:33
2 - 57% - 48% - 3:24
PK3 Forward
1 - 0% - 50%
2 - 0% - 50%
PK3 Defense
1 - 0% - 52%
2 - 0% - 48%
44 Forward
1 - 0% - 50%
2 - 0% - 50%
44 Defense
1 - 0% - 51%
2 - 0% - 49%
Last Minute Offensive  - 0:00
Last Minute Defensive  - 0:09
Total
Forward - 60:00
Defense - 60:00

Play by Play

1st period


0:01 of 1st period - Mike Cammalleri wins face-off versus Brad Boyes in neutral zone.
0:20 of 1st period - Shot by Chris Kreider.
0:20 of 1st period - Shot Misses the Net.
1:02 of 1st period - Shot by Sean Couturier.
1:02 of 1st period - Stopped by Roberto Luongo without a rebound.
1:03 of 1st period - Paul Stastny wins face-off versus Derick Brassard in Avalanche zone.
1:14 of 1st period - Shot by Mikkel Boedker.
1:14 of 1st period - Stopped by Robin Lehner without a rebound.
1:15 of 1st period - Brett Sutter wins face-off versus Patrice Bergeron in Panthers zone.
1:26 of 1st period - Shot by Patrice Bergeron.
1:26 of 1st period - Shot Misses the Net.
1:28 of 1st period - Shot by Jussi Jokinen.
1:28 of 1st period - Shot Blocked by Sean Couturier.
1:58 of 1st period - Shot by Jason Zucker.
1:58 of 1st period - Deflect By Jussi Jokinen.
1:58 of 1st period - Stopped by Robin Lehner without a rebound.
1:59 of 1st period - Derick Brassard wins face-off versus Paul Stastny in Panthers zone.
2:04 of 1st period - Shot by Derick Brassard.
2:04 of 1st period - Shot Misses the Net.
2:17 of 1st period - Erik Johnson is hit by Josh Manson and loses puck.
2:32 of 1st period - Shot by Derick Brassard.
2:32 of 1st period - Shot Misses the Net.
2:58 of 1st period - Minor Penalty to Carl Hagelin for High sticking.
2:59 of 1st period - Patrice Bergeron wins face-off versus Brett Sutter in Avalanche zone.
3:10 of 1st period - Shot by Brett Sutter.
3:10 of 1st period - Stopped by Roberto Luongo without a rebound.
3:11 of 1st period - Patrice Bergeron wins face-off versus Brett Sutter in Avalanche zone.
4:33 of 1st period - Shot by Erik Johnson.
4:33 of 1st period - Shot Misses the Net.
4:35 of 1st period - Shot by Erik Johnson.
4:35 of 1st period - Goal by Erik Johnson - Avalanche : 0 - Panthers : 1.
4:36 of 1st period - Derick Brassard wins face-off versus Brad Boyes in neutral zone.
4:38 of 1st period - Off-side.
4:39 of 1st period - Derick Brassard wins face-off versus Brad Boyes in neutral zone.
5:09 of 1st period - Icing by Niklas Kronwall.
5:10 of 1st period - Brad Boyes wins face-off versus Mike Cammalleri in Avalanche zone.
6:44 of 1st period - Shot by Jakob Silfverberg.
6:44 of 1st period - Deflect By Brett Sutter.
6:44 of 1st period - Stopped by Roberto Luongo with a rebound.
6:46 of 1st period - Shot by Sean Couturier.
6:46 of 1st period - Shot Misses the Net.
6:48 of 1st period - Shot by John Moore.
6:48 of 1st period - Shot Misses the Net.
7:16 of 1st period - Shot by Jussi Jokinen.
7:16 of 1st period - Stopped by Robin Lehner without a rebound.
7:17 of 1st period - Mike Cammalleri wins face-off versus Patrice Bergeron in Panthers zone.
7:24 of 1st period - Chris VandeVelde is hit by Chris Kreider and loses puck.
7:57 of 1st period - Icing by Mike Cammalleri.
7:58 of 1st period - Brad Boyes wins face-off versus Chris Kreider in Panthers zone.
9:02 of 1st period - Minor Penalty to Jonathan Drouin for Holding.
9:03 of 1st period - Patrice Bergeron wins face-off versus John Mitchell in Panthers zone.
9:06 of 1st period - Shot by Kyle Palmieri.
9:06 of 1st period - Deflect By Mikkel Boedker.
9:06 of 1st period - Stopped by Robin Lehner with a rebound.
9:26 of 1st period - Shot by Mattias Ekholm.
9:26 of 1st period - Stopped by Robin Lehner without a rebound.
9:27 of 1st period - Sean Couturier wins face-off versus Paul Stastny in Panthers zone.
9:27 of 1st period - John Moore is hit by Patrick Sharp and loses puck.
9:34 of 1st period - Shot by Francois Beauchemin.
9:34 of 1st period - Shot Misses the Net.
9:36 of 1st period - Shot by Patrick Sharp.
9:36 of 1st period - Stopped by Robin Lehner without a rebound.
9:37 of 1st period - John Mitchell wins face-off versus Patrice Bergeron in Panthers zone.
9:43 of 1st period - Icing by Mikkel Boedker.
9:44 of 1st period - Kyle Palmieri wins face-off versus John Mitchell in Avalanche zone.
9:46 of 1st period - Icing by Patrice Bergeron.
9:47 of 1st period - Sean Couturier wins face-off versus Patrice Bergeron in Avalanche zone.
10:10 of 1st period - Shot by Mattias Ekholm.
10:10 of 1st period - Stopped by Robin Lehner without a rebound.
10:11 of 1st period - Sean Couturier wins face-off versus Paul Stastny in Panthers zone.
10:37 of 1st period - Shot by TJ Brodie.
10:37 of 1st period - Stopped by Robin Lehner without a rebound.
10:38 of 1st period - John Mitchell wins face-off versus Patrice Bergeron in Panthers zone.
10:38 of 1st period - John Mitchell is hit by Kyle Palmieri.
10:55 of 1st period - Brett Sutter is hit by Alex Petrovic and loses puck.
11:06 of 1st period - Shot by Mike Cammalleri.
11:06 of 1st period - Stopped by Roberto Luongo without a rebound.
11:07 of 1st period - Mike Cammalleri wins face-off versus Brad Boyes in Avalanche zone.
11:46 of 1st period - Shot by Chris Kreider.
11:46 of 1st period - Shot Blocked by Patrick Sharp.
11:48 of 1st period - Shot by Kyle Brodziak.
11:48 of 1st period - Shot Misses the Net.
11:50 of 1st period - Shot by Kyle Brodziak.
11:50 of 1st period - Stopped by Roberto Luongo without a rebound.
11:51 of 1st period - Paul Stastny wins face-off versus Sean Couturier in Avalanche zone.
11:51 of 1st period - Paul Stastny is hit by Sean Couturier.
12:19 of 1st period - Shot by Brett Sutter.
12:19 of 1st period - Shot Misses the Net.
12:39 of 1st period - Mitch Love is hit by Paul Stastny and loses puck.
13:28 of 1st period - Shot by Patrice Bergeron.
13:28 of 1st period - Shot Misses the Net.
14:11 of 1st period - Icing by Erik Johnson.
14:12 of 1st period - Mike Cammalleri wins face-off versus Brad Boyes in Panthers zone.
14:29 of 1st period - Shot by Kyle Brodziak.
14:29 of 1st period - Stopped by Roberto Luongo without a rebound.
14:30 of 1st period - Patrice Bergeron wins face-off versus Sean Couturier in Avalanche zone.
14:30 of 1st period - Francois Beauchemin is hit by Brett Sutter and loses puck.
15:47 of 1st period - Shot by Mikkel Boedker.
15:47 of 1st period - Stopped by Robin Lehner without a rebound.
15:48 of 1st period - Brad Boyes wins face-off versus Mike Cammalleri in Panthers zone.
15:48 of 1st period - Brad Boyes is hit by Mario Scalzo.
15:50 of 1st period - Shot by Patrick Sharp.
15:50 of 1st period - Shot Misses the Net.
16:24 of 1st period - Shot by Chris Kreider.
16:24 of 1st period - Shot Misses the Net.
17:03 of 1st period - Kyle Palmieri is hit by John Moore and loses puck.
17:12 of 1st period - Shot by Mikkel Boedker.
17:12 of 1st period - Goal by Mikkel Boedker - Avalanche : 1 - Panthers : 1.
17:13 of 1st period - Kyle Brodziak wins face-off versus Patrice Bergeron in neutral zone.
17:21 of 1st period - Icing by Francois Beauchemin.
17:22 of 1st period - Patrice Bergeron wins face-off versus Sean Couturier in Avalanche zone.
17:38 of 1st period - Icing by Aaron Ekblad.
17:39 of 1st period - Sean Couturier wins face-off versus Paul Stastny in Panthers zone.
17:53 of 1st period - Sean Couturier is hit by Josh Manson and loses puck.
19:00 of 1st period - Shot by Patrick Sharp.
19:00 of 1st period - Stopped by Robin Lehner without a rebound.
19:01 of 1st period - Patrice Bergeron wins face-off versus Jonathan Drouin in Panthers zone.
19:08 of 1st period - Shot by Jason Zucker.
19:08 of 1st period - Shot Misses the Net.
Goals for this period are 1 for Avalanche vs 1 for Panthers.
Shots for this period are 11 for Avalanche vs 7 for Panthers.

2nd period


0:01 of 2nd period - Paul Stastny wins face-off versus Mike Cammalleri in neutral zone.
0:10 of 2nd period - Shot by Kyle Palmieri.
0:10 of 2nd period - Stopped by Robin Lehner without a rebound.
0:11 of 2nd period - Derick Brassard wins face-off versus Patrick Sharp in Panthers zone.
0:23 of 2nd period - Shot by Brad Boyes.
0:23 of 2nd period - Stopped by Robin Lehner without a rebound.
0:24 of 2nd period - Paul Stastny wins face-off versus Mike Cammalleri in Panthers zone.
0:27 of 2nd period - Shot by Paul Stastny.
0:27 of 2nd period - Shot Blocked by John Moore.
0:45 of 2nd period - Shot by Mikkel Boedker.
0:45 of 2nd period - Shot Misses the Net.
0:57 of 2nd period - Shot by Chris Kreider.
0:57 of 2nd period - Stopped by Roberto Luongo without a rebound.
0:58 of 2nd period - Patrick Sharp wins face-off versus Derick Brassard in Avalanche zone.
1:09 of 2nd period - Shot by Jonathan Drouin.
1:09 of 2nd period - Stopped by Roberto Luongo without a rebound.
1:10 of 2nd period - Sean Couturier wins face-off versus Patrice Bergeron in Avalanche zone.
1:10 of 2nd period - Sean Couturier is hit by Alex Petrovic.
1:17 of 2nd period - Jussi Jokinen is hit by Jakob Silfverberg and loses puck.
1:28 of 2nd period - Shot by Jussi Jokinen.
1:28 of 2nd period - Shot Misses the Net.
2:32 of 2nd period - Shot by Mike Cammalleri.
2:32 of 2nd period - Stopped by Roberto Luongo with a rebound.
2:34 of 2nd period - Shot by Kyle Brodziak.
2:34 of 2nd period - Stopped by Roberto Luongo without a rebound.
2:35 of 2nd period - Derick Brassard wins face-off versus Paul Stastny in Avalanche zone.
2:35 of 2nd period - Erik Johnson is hit by Niklas Kronwall and loses puck.
2:49 of 2nd period - Icing by Erik Johnson.
2:50 of 2nd period - Brad Boyes wins face-off versus Jonathan Drouin in Panthers zone.
3:36 of 2nd period - Mario Scalzo is hit by Carl Hagelin.
3:44 of 2nd period - Shot by Chris Kreider.
3:44 of 2nd period - Shot Blocked by TJ Brodie.
4:04 of 2nd period - Shot by Chris Kreider.
4:04 of 2nd period - Goal by Chris Kreider - Avalanche : 1 - Panthers : 2.
4:05 of 2nd period - Sean Couturier wins face-off versus Jussi Jokinen in neutral zone.
4:18 of 2nd period - Shot by Jason Zucker.
4:18 of 2nd period - Stopped by Robin Lehner without a rebound.
4:19 of 2nd period - Sean Couturier wins face-off versus Paul Stastny in Panthers zone.
4:45 of 2nd period - Icing by Aaron Ekblad.
4:46 of 2nd period - Patrice Bergeron wins face-off versus Sean Couturier in Panthers zone.
5:27 of 2nd period - Shot by Jussi Jokinen.
5:27 of 2nd period - Shot Misses the Net.
5:29 of 2nd period - Shot by Jussi Jokinen.
5:29 of 2nd period - Stopped by Robin Lehner without a rebound.
5:30 of 2nd period - Paul Stastny wins face-off versus Mike Cammalleri in Panthers zone.
5:49 of 2nd period - Shot by Paul Stastny.
5:49 of 2nd period - Stopped by Robin Lehner without a rebound.
5:50 of 2nd period - Brad Boyes wins face-off versus Derick Brassard in Panthers zone.
5:59 of 2nd period - Shot by Carl Hagelin.
5:59 of 2nd period - Stopped by Robin Lehner without a rebound.
6:00 of 2nd period - Kyle Brodziak wins face-off versus Paul Stastny in Panthers zone.
6:12 of 2nd period - Off-side.
6:13 of 2nd period - Derick Brassard wins face-off versus Brad Boyes in neutral zone.
6:25 of 2nd period - Brad Boyes is hit by John Mitchell and loses puck.
6:50 of 2nd period - Shot by Brad Boyes.
6:50 of 2nd period - Stopped by Robin Lehner without a rebound.
6:51 of 2nd period - Mike Cammalleri wins face-off versus Mikkel Boedker in Panthers zone.
7:21 of 2nd period - Off-side.
7:22 of 2nd period - Patrice Bergeron wins face-off versus Sean Couturier in neutral zone.
8:44 of 2nd period - Brad Boyes is hit by John Mitchell and loses puck.
9:24 of 2nd period - Icing by Mitch Love.
9:25 of 2nd period - Kyle Brodziak wins face-off versus Paul Stastny in Panthers zone.
9:29 of 2nd period - Mike Cammalleri is hit by Kyle Palmieri and loses puck.
9:51 of 2nd period - Minor Penalty to Chris Kreider for Hooking.
9:52 of 2nd period - Sean Couturier wins face-off versus Mikkel Boedker in Panthers zone.
10:43 of 2nd period - Off-side.
10:44 of 2nd period - Paul Stastny wins face-off versus John Mitchell in neutral zone.
11:21 of 2nd period - Luke Schenn is hit by Paul Stastny and loses puck.
11:36 of 2nd period - Shot by Sean Couturier.
11:36 of 2nd period - Shot Misses the Net.
11:48 of 2nd period - Shot by Kyle Palmieri.
11:48 of 2nd period - Shot Misses the Net.
11:50 of 2nd period - Shot by Alex Petrovic.
11:50 of 2nd period - Shot Misses the Net.
11:52 of 2nd period - Shot by Jussi Jokinen.
11:52 of 2nd period - Shot Blocked by John Moore.
12:13 of 2nd period - Shot by Jussi Jokinen.
12:13 of 2nd period - Stopped by Robin Lehner without a rebound.
12:14 of 2nd period - Brad Boyes wins face-off versus Sean Couturier in Panthers zone.
12:19 of 2nd period - Shot by Patrick Sharp.
12:19 of 2nd period - Shot Blocked by Niklas Hjalmarsson.
13:07 of 2nd period - Icing by Carl Hagelin.
13:08 of 2nd period - Mike Cammalleri wins face-off versus Carl Hagelin in Avalanche zone.
13:18 of 2nd period - Off-side.
13:19 of 2nd period - Derick Brassard wins face-off versus Paul Stastny in neutral zone.
13:49 of 2nd period - Shot by Derick Brassard.
13:49 of 2nd period - Stopped by Roberto Luongo without a rebound.
13:50 of 2nd period - Patrice Bergeron wins face-off versus Mike Cammalleri in Avalanche zone.
13:56 of 2nd period - Patrice Bergeron is hit by Mitch Love and loses puck.
15:28 of 2nd period - Icing by Patrice Bergeron.
15:29 of 2nd period - Derick Brassard wins face-off versus Patrice Bergeron in Avalanche zone.
16:15 of 2nd period - Icing by Niklas Kronwall.
16:16 of 2nd period - Paul Stastny wins face-off versus Mike Cammalleri in Avalanche zone.
16:57 of 2nd period - Shot by Chris Kreider.
16:57 of 2nd period - Stopped by Roberto Luongo with a rebound.
17:07 of 2nd period - Kyle Palmieri is hit by Sean Couturier and loses puck.
17:46 of 2nd period - Shot by Brad Boyes.
17:46 of 2nd period - Shot Misses the Net.
18:08 of 2nd period - Icing by Brad Boyes.
18:09 of 2nd period - Brad Boyes wins face-off versus Derick Brassard in Avalanche zone.
18:28 of 2nd period - Shot by Patrice Bergeron.
18:28 of 2nd period - Stopped by Robin Lehner without a rebound.
18:29 of 2nd period - Mike Cammalleri wins face-off versus Patrice Bergeron in Panthers zone.
18:48 of 2nd period - Shot by Chris Kreider.
18:48 of 2nd period - Stopped by Roberto Luongo without a rebound.
18:49 of 2nd period - Derick Brassard wins face-off versus Patrice Bergeron in Avalanche zone.
19:26 of 2nd period - Shot by Derick Brassard.
19:26 of 2nd period - Stopped by Roberto Luongo with a rebound.
19:39 of 2nd period - Icing by Lukas Krajicek.
19:40 of 2nd period - Patrice Bergeron wins face-off versus Mike Cammalleri in Avalanche zone.
19:54 of 2nd period - Off-side.
19:55 of 2nd period - Brad Boyes wins face-off versus Sean Couturier in neutral zone.
Goals for this period are 0 for Avalanche vs 1 for Panthers.
Shots for this period are 9 for Avalanche vs 9 for Panthers.

3rd period


0:01 of 3rd period - Brad Boyes wins face-off versus Mike Cammalleri in neutral zone.
0:22 of 3rd period - Shot by Brad Boyes.
0:22 of 3rd period - Shot Misses the Net.
0:32 of 3rd period - Shot by Patrick Sharp.
0:32 of 3rd period - Stopped by Robin Lehner without a rebound.
0:33 of 3rd period - Paul Stastny wins face-off versus Derick Brassard in Panthers zone.
0:48 of 3rd period - Niklas Kronwall is hit by Jonathan Drouin and loses puck.
0:56 of 3rd period - Jonathan Drouin is hit by Niklas Kronwall and loses puck.
1:03 of 3rd period - Shot by John Mitchell.
1:03 of 3rd period - Shot Blocked by Niklas Kronwall.
1:05 of 3rd period - Shot by John Mitchell.
1:05 of 3rd period - Shot Blocked by Niklas Kronwall.
1:07 of 3rd period - Shot by Derick Brassard.
1:07 of 3rd period - Stopped by Roberto Luongo without a rebound.
1:08 of 3rd period - Brad Boyes wins face-off versus Kyle Brodziak in Avalanche zone.
1:35 of 3rd period - Icing by Aaron Ekblad.
1:36 of 3rd period - Mike Cammalleri wins face-off versus Patrice Bergeron in Panthers zone.
2:08 of 3rd period - Icing by Patrice Bergeron.
2:09 of 3rd period - Patrice Bergeron wins face-off versus Sean Couturier in Avalanche zone.
2:09 of 3rd period - Patrice Bergeron is hit by Jakob Silfverberg.
2:44 of 3rd period - Shot by Brett Sutter.
2:44 of 3rd period - Shot Blocked by Niklas Kronwall.
2:57 of 3rd period - Icing by Francois Beauchemin.
2:58 of 3rd period - Patrice Bergeron wins face-off versus Derick Brassard in Avalanche zone.
3:10 of 3rd period - Icing by Erik Johnson.
3:11 of 3rd period - Brad Boyes wins face-off versus Derick Brassard in Panthers zone.
3:30 of 3rd period - Shot by Patrick Sharp.
3:30 of 3rd period - Shot Blocked by John Moore.
3:32 of 3rd period - Shot by Brad Boyes.
3:32 of 3rd period - Stopped by Robin Lehner without a rebound.
3:33 of 3rd period - Paul Stastny wins face-off versus Chris Kreider in Panthers zone.
3:40 of 3rd period - Shot by Kyle Palmieri.
3:40 of 3rd period - Shot Misses the Net.
4:05 of 3rd period - Shot by Kyle Brodziak.
4:05 of 3rd period - Shot Blocked by Lukas Krajicek.
4:09 of 3rd period - Shot by Chris Kreider.
4:09 of 3rd period - Shot Misses the Net.
4:32 of 3rd period - Mattias Ekholm is hit by Sean Couturier and loses puck.
4:46 of 3rd period - Icing by Mario Scalzo.
4:47 of 3rd period - Brad Boyes wins face-off versus Sean Couturier in Panthers zone.
4:48 of 3rd period - Shot by Patrick Sharp.
4:48 of 3rd period - Stopped by Robin Lehner with a rebound.
4:50 of 3rd period - Shot by Brad Boyes.
4:50 of 3rd period - Stopped by Robin Lehner without a rebound.
4:51 of 3rd period - Derick Brassard wins face-off versus Brad Boyes in Panthers zone.
5:09 of 3rd period - Shot by Erik Johnson.
5:09 of 3rd period - Deflect By Jonathan Drouin.
5:09 of 3rd period - Stopped by Roberto Luongo without a rebound.
5:10 of 3rd period - Patrice Bergeron wins face-off versus Sean Couturier in Avalanche zone.
5:10 of 3rd period - Patrice Bergeron is hit by Sean Couturier.
5:32 of 3rd period - Shot by Jakob Silfverberg.
5:32 of 3rd period - Stopped by Roberto Luongo with a rebound.
5:34 of 3rd period - Shot by Jakob Silfverberg.
5:34 of 3rd period - Shot Misses the Net.
5:36 of 3rd period - Shot by Sean Couturier.
5:36 of 3rd period - Stopped by Roberto Luongo without a rebound.
5:37 of 3rd period - Brad Boyes wins face-off versus Mike Cammalleri in Avalanche zone.
5:37 of 3rd period - Brad Boyes is hit by Chris Kreider.
6:16 of 3rd period - Shot by Carl Hagelin.
6:16 of 3rd period - Shot Misses the Net.
6:20 of 3rd period - Shot by Patrick Sharp.
6:20 of 3rd period - Shot Blocked by John Moore.
6:49 of 3rd period - Kyle Palmieri is hit by John Moore and loses puck.
7:02 of 3rd period - Shot by Paul Stastny.
7:02 of 3rd period - Stopped by Robin Lehner without a rebound.
7:03 of 3rd period - Patrice Bergeron wins face-off versus Derick Brassard in Panthers zone.
7:05 of 3rd period - Minor Penalty to Mitch Love for Interference.
7:06 of 3rd period - Brett Sutter wins face-off versus Paul Stastny in Panthers zone.
7:25 of 3rd period - Shot by Paul Stastny.
7:25 of 3rd period - Stopped by Robin Lehner without a rebound.
7:26 of 3rd period - John Mitchell wins face-off versus Patrice Bergeron in Panthers zone.
7:26 of 3rd period - John Mitchell is hit by Patrice Bergeron.
7:27 of 3rd period - John Mitchell from Panthers is injured at 7:27 of 3rd period (Separated Left Shoulder).
7:28 of 3rd period - Patrice Bergeron wins face-off versus Sean Couturier in Panthers zone.
7:46 of 3rd period - Kyle Palmieri is hit by Mario Scalzo and loses puck.
7:49 of 3rd period - Shot by Alex Petrovic.
7:49 of 3rd period - Stopped by Robin Lehner with a rebound.
7:51 of 3rd period - Shot by Mattias Ekholm.
7:51 of 3rd period - Shot Misses the Net.
7:53 of 3rd period - Shot by Mattias Ekholm.
7:53 of 3rd period - Shot Misses the Net.
7:55 of 3rd period - Shot by Mattias Ekholm.
7:55 of 3rd period - Shot Misses the Net.
8:59 of 3rd period - Shot by Paul Stastny.
8:59 of 3rd period - Shot Blocked by Mario Scalzo.
9:01 of 3rd period - Shot by Paul Stastny.
9:01 of 3rd period - Shot Misses the Net.
9:03 of 3rd period - Shot by Francois Beauchemin.
9:03 of 3rd period - Shot Blocked by Kyle Brodziak.
9:05 of 3rd period - Shot by Patrick Sharp.
9:05 of 3rd period - Shot Misses the Net.
9:07 of 3rd period - Shot by Jason Zucker.
9:07 of 3rd period - Stopped by Robin Lehner without a rebound.
9:08 of 3rd period - Jonathan Drouin wins face-off versus Jason Zucker in Panthers zone.
9:08 of 3rd period - Jonathan Drouin is hit by Jason Zucker.
9:16 of 3rd period - Shot by Erik Johnson.
9:16 of 3rd period - Goal by Erik Johnson - Avalanche : 1 - Panthers : 3.
9:17 of 3rd period - Patrice Bergeron wins face-off versus Derick Brassard in neutral zone.
9:19 of 3rd period - Francois Beauchemin is hit by Niklas Hjalmarsson and loses puck.
9:50 of 3rd period - Shot by Jason Zucker.
9:50 of 3rd period - Shot Hit the Post.
9:55 of 3rd period - Off-side.
9:56 of 3rd period - Brad Boyes wins face-off versus Jakob Silfverberg in neutral zone.
10:09 of 3rd period - TJ Brodie is hit by Jakob Silfverberg and loses puck.
10:25 of 3rd period - Icing by Mario Scalzo.
10:26 of 3rd period - Sean Couturier wins face-off versus Paul Stastny in Panthers zone.
10:26 of 3rd period - Sean Couturier is hit by Paul Stastny.
11:32 of 3rd period - Shot by Carl Hagelin.
11:32 of 3rd period - Goal by Carl Hagelin - Avalanche : 2 - Panthers : 3.
11:33 of 3rd period - Derick Brassard wins face-off versus Brad Boyes in neutral zone.
12:02 of 3rd period - Shot by Carl Hagelin.
12:02 of 3rd period - Stopped by Robin Lehner with a rebound.
12:04 of 3rd period - Shot by Carl Hagelin.
12:04 of 3rd period - Shot Misses the Net.
12:08 of 3rd period - Shot by Patrick Sharp.
12:08 of 3rd period - Shot Misses the Net.
12:12 of 3rd period - Shot by Brad Boyes.
12:12 of 3rd period - Shot Misses the Net.
12:14 of 3rd period - Shot by TJ Brodie.
12:14 of 3rd period - Stopped by Robin Lehner with a rebound.
12:16 of 3rd period - Shot by Josh Manson.
12:16 of 3rd period - Shot Misses the Net.
12:27 of 3rd period - Patrice Bergeron is hit by John Moore and loses puck.
12:38 of 3rd period - Shot by Jussi Jokinen.
12:38 of 3rd period - Shot Misses the Net.
12:40 of 3rd period - Shot by Niklas Kronwall.
12:40 of 3rd period - Shot Misses the Net.
12:42 of 3rd period - Shot by Niklas Kronwall.
12:42 of 3rd period - Shot Misses the Net.
12:44 of 3rd period - Shot by Jason Zucker.
12:44 of 3rd period - Stopped by Robin Lehner without a rebound.
12:45 of 3rd period - Sean Couturier wins face-off versus Paul Stastny in Panthers zone.
12:56 of 3rd period - Shot by Paul Stastny.
12:56 of 3rd period - Deflect By Mikkel Boedker.
12:56 of 3rd period - Shot Misses the Net.
14:05 of 3rd period - Shot by Brad Boyes.
14:05 of 3rd period - Stopped by Robin Lehner without a rebound.
14:06 of 3rd period - Patrice Bergeron wins face-off versus Derick Brassard in Panthers zone.
14:47 of 3rd period - Patrice Bergeron is hit by Mitch Love and loses puck.
15:07 of 3rd period - Icing by TJ Brodie.
15:08 of 3rd period - Brad Boyes wins face-off versus Sean Couturier in Avalanche zone.
15:08 of 3rd period - Brad Boyes is hit by Brett Sutter.
15:28 of 3rd period - Shot by Brad Boyes.
15:28 of 3rd period - Stopped by Robin Lehner without a rebound.
15:29 of 3rd period - Paul Stastny wins face-off versus Sean Couturier in Panthers zone.
15:49 of 3rd period - Sean Couturier is hit by Mattias Ekholm.
16:00 of 3rd period - Minor Penalty to Lukas Krajicek for Tripping.
16:01 of 3rd period - Patrice Bergeron wins face-off versus Mike Cammalleri in Avalanche zone.
16:16 of 3rd period - Shot by Mario Scalzo.
16:16 of 3rd period - Shot Misses the Net.
16:18 of 3rd period - Shot by Erik Johnson.
16:18 of 3rd period - Shot Misses the Net.
16:26 of 3rd period - Shot by Mario Scalzo.
16:26 of 3rd period - Shot Misses the Net.
16:28 of 3rd period - Shot by Mario Scalzo.
16:28 of 3rd period - Shot Misses the Net.
16:46 of 3rd period - Shot by Mitch Love.
16:46 of 3rd period - Shot Blocked by Patrice Bergeron.
16:48 of 3rd period - Shot by Kyle Brodziak.
16:48 of 3rd period - Shot Misses the Net.
16:58 of 3rd period - Shot by Kyle Brodziak.
16:58 of 3rd period - Stopped by Roberto Luongo without a rebound.
16:59 of 3rd period - Jussi Jokinen wins face-off versus Brett Sutter in Avalanche zone.
17:12 of 3rd period - Shot by Andrew Copp.
17:12 of 3rd period - Stopped by Roberto Luongo with a rebound.
17:14 of 3rd period - Shot by Kyle Brodziak.
17:14 of 3rd period - Stopped by Roberto Luongo without a rebound.
17:15 of 3rd period - Patrice Bergeron wins face-off versus Jonathan Drouin in Avalanche zone.
18:01 of 3rd period - Shot by Chris Kreider.
18:01 of 3rd period - Stopped by Roberto Luongo without a rebound.
18:02 of 3rd period - Mike Cammalleri wins face-off versus Kyle Palmieri in Avalanche zone.
18:32 of 3rd period - Chris Kreider is hit by Niklas Kronwall and loses puck.
18:36 of 3rd period - Mike Cammalleri is hit by Niklas Kronwall and loses puck.
18:47 of 3rd period - Avalanche, Roberto Luongo is pulled from the net.
19:11 of 3rd period - Shot by Brad Boyes.
19:11 of 3rd period - Stopped by Robin Lehner with a rebound.
19:18 of 3rd period - Carl Hagelin is hit by Jason Demers.
19:20 of 3rd period - Shot by Patrick Sharp.
19:20 of 3rd period - Stopped by Robin Lehner with a rebound.
19:50 of 3rd period - Shot by Jason Zucker.
19:50 of 3rd period - Stopped by Robin Lehner without a rebound.
19:51 of 3rd period - Sean Couturier wins face-off versus Paul Stastny in Panthers zone.
Goals for this period are 1 for Avalanche vs 1 for Panthers.
Shots for this period are 17 for Avalanche vs 9 for Panthers.